 Dungeon Crawl Stone Soup version 0.29-a0-284-gf9362112df (webtiles) character file.

Game seed: 1108891180103046634

9907 drugrobin the Cleaver (level 11, 0/91 HPs)
             Began as a Demigod Fighter on Mar 14, 2022.
             Slain by an orc knight
             ... wielding a +3 war axe
              (30 damage)
             ... in a bailey.
             The game lasted 00:38:51 (10114 turns).

drugrobin the Cleaver (Demigod Fighter)            Turns: 10114, Time: 00:38:51

Health: 0/91       AC: 20    Str: 26    XL:     11   Next: 8%
Magic:  23/23      EV:  8    Int:  9    God:
Gold:   1139       SH:  5    Dex: 16    Spells: 10/10 levels left

rFire   . . .      SeeInvis .   a - +4 war axe
rCold   + + .      Faith    .   O - +0 buckler
rNeg    + . .      Spirit   .   P - +2 chain mail {rC+}
rPois   +          Reflect  .   q - +0 helmet
rElec   +          Harm     .   H - +2 ratskin cloak {*Rats rPois rN+ Str-1 Int-1 Dex+1}
rCorr   .          Rampage  .   G - +1 Delatra's gloves {ID++}
Will    +....                   J - +0 pair of boots
Stlth   ..........              F - amulet of regeneration
HPRegen 1.05/turn               K - ring of Xom's Malicious Joy {rElec rC+ MP+9 Str-2 Dex+2}
MPRegen 0.18/turn               (no ring)

@: mighty, brilliant
A: high MP 1, forlorn, divine attributes
a: no special abilities


You were in a bailey.
You visited 1 branch of the dungeon, and saw 9 of its levels.
You also visited: Sewer and Bailey.

You collected 1139 gold pieces.

Inventory:

Hand Weapons
 a - a +4 war axe (weapon)
 b - a +2 whip of electrocution
 c - a +4 morningstar of freezing
 d - a +0 dagger of venom
 e - a +2 whip of draining
Missiles
 s - 19 poisoned darts (quivered)
Armour
 q - a +0 helmet (worn)
 G - the +1 Delatra's gloves (worn) {ID++}
   (You found it on level 3 of the Dungeon)

   It heals its wearer when they drink unknown potions.
   It restores its wearer's MP when they read unknown scrolls.
 H - the +2 ratskin cloak (worn) {*Rats rPois rN+ Str-1 Int-1 Dex+1}
   (You found it on level 4 of the Dungeon)

   When the wearer is hurt, rats may emerge from it to assist them.
   Str:       It affects your strength (-1).
   Int:       It affects your intelligence (-1).
   Dex:       It affects your dexterity (+1).
   rPois:     It protects you from poison.
   rN:        It protects you from negative energy.
 J - a +0 pair of boots (worn)
 O - a +0 buckler (worn)
 P - a +2 chain mail of cold resistance (worn)
Jewellery
 n - an amulet of magic regeneration
 F - an amulet of regeneration (around neck)
 K - the ring of Xom's Malicious Joy (left hand) {rElec rC+ MP+9 Str-2 Dex+2}
   (You found it on level 6 of the Dungeon)

   [ring of protection from cold]

   Str:       It affects your strength (-2).
   Dex:       It affects your dexterity (+2).
   rC:        It protects you from cold.
   rElec:     It insulates you from electricity.
   MP:        It affects your magic capacity (+9).
Wands
 v - a wand of iceblast (10)
 x - a wand of flame (29)
 N - a wand of charming (12)
Scrolls
 f - 6 scrolls of fear {unknown}
 g - 10 scrolls of identify {unknown}
 i - 2 scrolls of enchant weapon {unknown}
 j - 8 scrolls of teleportation {unknown}
 k - 3 scrolls of amnesia {unknown}
 m - 2 scrolls of brand weapon {unknown}
 r - a scroll of fog {unknown}
 t - 4 scrolls of magic mapping {unknown}
 u - 2 scrolls of silence {unknown}
 w - 2 scrolls of blinking {unknown}
 y - a scroll of summoning {unknown}
 A - a scroll of vulnerability {unknown}
 I - a scroll of torment {unknown}
 S - a scroll of immolation
 T - a scroll of holy word {unknown}
Potions
 h - 2 potions of haste
 l - a potion of attraction
 o - a potion of ambrosia {unknown}
 p - 3 potions of curing
 B - a potion of flight
 C - 2 potions of heal wounds
 D - a potion of brilliance
 E - a potion of invisibility {unknown}
 L - a potion of degeneration {unknown}
 M - a potion of berserk rage {unknown}
 R - a potion of resistance
Miscellaneous
 z - a phantom mirror


   Skills:
 + Level 6.8 Fighting
 + Level 13.4 Axes
 + Level 6.8 Armour
 - Level 2.6 Shields
 + Level 2.8 Evocations


You had 10 spell levels left.
You didn't know any spells.
Your spell library contained the following spells:

 Spells                   Type           Power      Damage    Failure   Level
 Foxfire                  Conj/Fire      0%         2x1d4     96%         1
 Slow                     Hex            0%         N/A       96%         1
 Sting                    Tmut/Pois      0%         1d3       96%         1
 Poisonous Vapours        Pois/Air       0%         N/A       99%         2
 Call Canine Familiar     Summ           0%         N/A       100%        3
 Confusing Touch          Hex            0%         N/A       100%        3
 Conjure Flame            Conj/Fire      0%         6-21      100%        3
 Gell's Gravitas          Tloc           0%         N/A       100%        3
 Inner Flame              Hex/Fire       0%         N/A       100%        3
 Portal Projectile        Hex/Tloc       0%         N/A       100%        3
 Stone Arrow              Conj/Erth      0%         3d7       100%        3
 Teleport Other           Tloc           0%         N/A       100%        3
 Tukima's Dance           Hex            0%         N/A       100%        3
 Vampiric Draining        Necr           0%         2d6       100%        3
 Animate Armour           Summ/Erth      0%         N/A       100%        4
 Flame Wave               Conj/Fire      0%         2d4       100%        4
 Leda's Liquefaction      Hex/Erth       0%         N/A       100%        4
 Olgreb's Toxic Radiance  Pois           0%         N/A       100%        4
 Passage of Golubria      Tloc           0%         N/A       100%        4
 Blade Hands              Tmut           0%         N/A       100%        5
 Yara's Violent Unravell  Hex/Tmut       0%         3d3       100%        5
 Dispersal                Tloc           0%         N/A       100%        6
 Iron Shot                Conj/Erth      0%         9d1       100%        6
 Lehudib's Crystal Spear  Conj/Erth      0%         10d2      100%        8


Dungeon Overview and Level Annotations

Branches:
Dungeon (9/15)             Temple (0/1) D:5             Orc (0/2) D:9
  Sewer (visited)          Bailey (1/1)
   Lair: D:8-11


Innate Abilities, Weirdness & Mutations

You have an increased reservoir of magic. (+10% MP)
You shall have no god before yourself.
Your divine heritage dramatically boosts your attributes as you level up.


Message History

The orc knight roars a battlecry!
The orc knight goes into a battle-frenzy!
Unknown command.
Unknown command.
You slash the orc knight!
The orc knight is moderately wounded.
Unknown command.
You closely miss the orc knight.
The orc knight is moderately wounded.
The orc knight hits you with a +3 war axe!!
* * * LOW HITPOINT WARNING * * *
A hell rat scurries out from under your cloak.
Unknown command.
Unknown command.
Unknown command.
You slash the orc knight!
The orc knight is heavily wounded.
The orc knight hits you with a +3 war axe!
* * * LOW HITPOINT WARNING * * *
The orc knight misses your hell rat.
Your hell rat bites the orc knight.
Unknown command.
Unknown command.
Unknown command.
Okay, then.
Unknown command.
It was a potion of brilliance.
You feel clever all of a sudden.
The energy of discovery flows from your fingertips!
You feel much better.
The orc knight hits you with a +3 war axe!!
* * * LOW HITPOINT WARNING * * *
A hell rat scurries out from under your cloak.
The orc knight closely misses your hell rat.
Your hell rat barely misses the orc knight.
Unknown command.
Unknown command.
Unknown command.
You feel much better.
The orc knight hits you with a +3 war axe!!
You die...

.⌠....)#)....⌠.....#
.......#...........#
.......#...........#
......###...).....###
....###
###.....#'#.### #.###
###.###.....### ###
....###.........## .#
....##8.r........# .#
.....#8o@........# .#
(..(o()o...⌠....∩# .#
.....#8..r.......# .#
....##8..........# ##
.... ##.........## #
###.....### #+#.###
###


You could see 2 orc knights, an orc warrior (strong) and 2 friendly hell rats.

Vanquished Creatures
  The ghost of IdlyInterested the Spear-Bearer, a novice DsGl of Qazlal (D:8)
  Pikel (D:3)
  A deep elf pyromancer (D:8)
  An orc knight (Bailey)
  Maggie (D:8)
  Prince Ribbit (D:8)
  Grinder (D:4)
  A vampire (D:5)
  Sigmund (D:6)
  A wyvern (D:8)
  3 yaks (D:9)
  Edmund (D:6)
  3 water moccasins
  A black bear (D:6)
  9 orc warriors
  An ice beast (D:8)
  A sky beast (D:6)
  5 centaurs
  2 phantoms
  5 bullfrogs
  3 kobold brigands
  3 scorpions
  7 wights (D:7)
  9 killer bees
  7 crimson imps (D:8)
  3 hounds
  A jelly (D:6)
  2 orc priests
  2 gnoll shamans
  Terence (D:2)
  Jessica (D:2)
  5 iguanas
  Natasha (thrice) (D:3)
  10 orc wizards
  Robin (D:2)
  12 gnolls
  A river rat (D:4)
  15 adders
  3 white imps
  2 worms
  3 dart slugs
  33 orcs
  3 bats
  10 endoplasms
  7 giant cockroaches
  21 goblins
  16 hobgoblins
  2 jackals (D:4)
  12 kobolds
  7 quokkas
  8 ball pythons
  13 frilled lizards
  5 rats
  A spectral orc (D:8)
273 creatures vanquished.

Vanquished Creatures (collateral kills)
  A hydra (D:8)
  A two-headed ogre (D:8)
  A troll (D:9)
  A centaur (D:5)
4 creatures vanquished.

Vanquished Creatures (others)
  A goblin (D:4)
  A kobold (D:8)
2 creatures vanquished.

Grand Total: 279 creatures vanquished

Notes
Turn   | Place    | Note
-------+----------+-------------------------------------------
     0 | D:1      | drugrobin the Demigod Fighter began the quest for the Orb.
     0 | D:1      | Reached XP level 1. HP: 18/18 MP: 3/3
    36 | D:1      | Reached skill level 2 in Axes
   275 | D:1      | Reached XP level 2. HP: 11/25 MP: 4/4
   717 | D:1      | Reached skill level 3 in Axes
   876 | D:1      | Reached XP level 3. HP: 28/30 MP: 5/5
   932 | D:2      | Noticed a phantom
   951 | D:2      | Killed a phantom
   952 | D:2      | Reached skill level 4 in Axes
   952 | D:2      | Reached XP level 4. HP: 29/37 MP: 6/6
  1286 | D:2      | Noticed Jessica
  1297 | D:2      | Killed Jessica
  1404 | D:2      | Reached skill level 5 in Axes
  1421 | D:2      | Noticed Robin
  1440 | D:2      | Killed Robin
  1441 | D:2      | Reached XP level 5. HP: 34/42 MP: 7/7
  1925 | D:3      | Noticed Natasha
  2129 | D:3      | Noticed Grinder
  2136 | D:3      | Noticed Terence
  2273 | D:2      | Killed Terence
  2455 | D:3      | Killed Natasha
  2575 | D:3      | Noticed Natasha
  2727 | D:3      | Killed Natasha
  2728 | D:3      | Reached skill level 6 in Axes
  2753 | D:4      | Reached XP level 6. HP: 44/50 MP: 8/8
  2969 | D:4      | Found a glowing drain.
  2976 | Sewer    | Entered a sewer
  3539 | Sewer    | Reached skill level 7 in Axes
  3889 | D:4      | Reached XP level 7. HP: 23/56 MP: 9/9
  4663 | D:3      | Noticed Natasha
  4682 | D:3      | Killed Natasha
  5057 | D:3      | Found the +1 Delatra's gloves {ID++}
  5189 | D:4      | Killed Grinder
  5190 | D:4      | Reached skill level 8 in Axes
  5246 | D:4      | Found the +2 ratskin cloak {*Rats rPois rN+ Str-1 Int-1
                  | Dex+1}
  5286 | D:4      | Noticed Pikel
  5335 | D:3      | Killed Pikel
  5336 | D:3      | Reached skill level 9 in Axes
  5336 | D:3      | Reached XP level 8. HP: 37/62 MP: 10/10
  5671 | D:5      | Entered Level 5 of the Dungeon
  5814 | D:5      | Reached skill level 10 in Axes
  6190 | D:5      | Found a staircase to the Ecumenical Temple.
  6568 | D:5      | Reached skill level 11 in Axes
  6856 | D:6      | Reached XP level 9. HP: 64/68 MP: 11/11
  6992 | D:6      | Noticed Edmund
  7020 | D:6      | Killed Edmund
  7119 | D:6      | Reached skill level 12 in Axes
  7154 | D:6      | Identified the ring of Xom's Malicious Joy {rElec rC+ MP+9
                  | Str-2 Dex+2}
  7532 | D:6      | Noticed Sigmund
  7539 | D:6      | Killed Sigmund
  8250 | D:8      | Noticed Prince Ribbit
  8273 | D:8      | Killed Prince Ribbit
  8378 | D:8      | Noticed a two-headed ogre
  8396 | D:8      | Killed a two-headed ogre
  8397 | D:8      | Reached XP level 10. HP: 60/80 MP: 13/13
  8433 | D:8      | Noticed Maggie
  8471 | D:8      | Killed Maggie
  8472 | D:8      | Reached skill level 5 in Fighting
  8472 | D:8      | Reached skill level 5 in Armour
  9051 | D:8      | Found a runed translucent door.
  9056 | D:8      | Noticed IdlyInterested's ghost (novice DsGl)
  9373 | D:8      | Killed IdlyInterested's ghost
  9374 | D:8      | Reached skill level 13 in Axes
  9375 | D:8      | Noticed a deep elf pyromancer
  9390 | D:8      | Killed a deep elf pyromancer
  9466 | D:9      | Noticed a seven-headed hydra
  9480 | D:8      | Killed a seven-headed hydra
  9481 | D:8      | Reached skill level 1 in Evocations
  9749 | D:9      | Found a staircase to the Orcish Mines.
  9789 | D:9      | Found a flagged portal.
  9798 | Bailey   | Entered a bailey
  9856 | Bailey   | Noticed an orc knight
  9877 | Bailey   | Killed an orc knight
  9878 | Bailey   | Reached XP level 11. HP: 64/91 MP: 14/14
 10100 | Bailey   | Noticed an orc knight
 10107 | Bailey   | Noticed an orc knight
 10114 | Bailey   | Slain by an orc knight

Illustrated notes

Levels and vault maps discovered:
D:1:      wander_arrival_lonely_grave, layout_rooms
D:2:      layout_basic, hellmonk_ecumenical_altar_zigzags, uniq_jessica,
          uniq_robin
D:3:      layout_basic, pdpol_wu_jian_five_deadly_venoms,
          pf_guarded_unrand_delatra, uniq_natasha, uniq_grinder, uniq_terence
D:4:      layout_cave_pools, gup_sewer_entry_spiral, uniq_pikel
D:5:      layout_basic, mainiacjoe_overflow_brackets,
          minmay_temple_entry_glassed_door
D:6:      layout_gridville, lemuel_round_altar, sigmund_edmund_badplayer
D:7:      layout_basic, grunt_temple_overflow_growth_and_decay
D:8:      layout_basic, mainiacjoe_overflow_catwalk, nicolae_uskayaw_suspiria,
          yredelemnul_forgotten_temple_becter, ebering_ghost_inner_flame,
          minmay_nine_imps, uniq_maggie, uniq_prince_ribbit1
D:9:      layout_cave_pools, gammafunk_temple_overflow_claw, david_orc_3,
          enter_bailey_2, serial_rivers, chequers_serial_rivers_small_a,
          chequers_serial_rivers_micro_b, chequers_serial_rivers_room_b,
          chequers_serial_rivers_large_b, chequers_serial_rivers_small_3,
          chequers_serial_rivers_micro_b
Bailey:   bailey_axe_minmay_hex_keep, bailey

Skill      XL: |  1  2  3  4  5  6  7  8  9 10 |
---------------+-------------------------------+-----
Axes           | 2 3 4 5 6 7 9 11 12 13 | 13.4
Fighting       | 4 6 |  6.8
Armour         | 4 6 |  6.8
Evocations     | 2 |  2.8
Shields        | |  2.6

Action                   |  1- 3 |  4- 6 |  7- 9 | 10-12 || total
-------------------------+-------+-------+-------+-------++-------
Melee: War axe           |    60 |   292 |    77 |   129 ||   558
       Whip              |       |       |   268 |   176 ||   444
       Morningstar       |       |       |    37 |    12 ||    49
       Flail             |       |       |     1 |       ||     1
       Dagger            |       |       |       |     3 ||     3
Throw: Dart              |       |     2 |    14 |     6 ||    22
Evoke: Wand              |       |     1 |     4 |     4 ||     9
       Phantom mirror    |       |       |     2 |       ||     2
  Use: Potion            |       |       |     1 |     7 ||     8
 Stab: Distracted        |       |       |     1 |       ||     1
Armor: Scale mail        |    18 |   127 |   160 |       ||   305
       Chain mail        |       |       |       |   176 ||   176
Dodge: Dodged            |    34 |   145 |   106 |   121 ||   406
Block: Buckler           |    15 |    62 |    53 |    57 ||   187

Table legend: (Time is in decaauts)
 A = Elapsed time spent in this place.
 B = Non-inter-level travel time spent in this place.
 C = Inter-level travel time spent in this place.
 D = Time resting spent in this place.
 E = Time spent auto-exploring this place.
 F = Levels seen in this place.
 G = Mean time per level.
                   A        B        C        D        E       F      G
               +--------+--------+--------+--------+--------+-----+--------+
         Total |  10260 |   9834 |    426 |   1806 |   4632 |  11 |  932.7 |
       Dungeon |   9003 |   8577 |    426 |   1592 |   4200 |   9 | 1000.3 |
         Sewer |    954 |    954 |      0 |    206 |    340 |   1 |  954.0 |
        Bailey |    302 |    302 |      0 |      8 |     91 |   1 |  302.0 |
               +--------+--------+--------+--------+--------+-----+--------+

Top non-repeatable levels by time:
     D:2: 1513 daAuts
     D:3: 1359 daAuts
     D:8: 1231 daAuts
     D:4: 1189 daAuts
     D:5: 1156 daAuts
   Sewer: 954 daAuts
     D:1: 913 daAuts
     D:6: 746 daAuts
     D:7: 615 daAuts
  Bailey: 302 daAuts
     D:9: 277 daAuts
